 Dungeon Crawl Stone Soup version 0.30-a0-953-g5f1da4a474 (webtiles) character file.

Game seed: 18404477200002268087

44 Jackthecabe the Sneak (level 3, -9/18 HPs)
             Began as a Vine Stalker Brigand on Mar 28, 2023.
             Killed from afar by an orc wizard (11 damage)
             ... with a puff of flame
             ... on level 3 of the Dungeon.
             The game lasted 00:02:56 (1279 turns).

Jackthecabe the Sneak (Vine Stalker Brigand)        Turns: 1279, Time: 00:02:57

Health: -9/18      AC:  3    Str: 13    XL:     3   Next: 62%
Magic:  0/4        EV: 11    Int: 11    God:
Gold:   93         SH:  0    Dex: 17    Spells: 2/2 levels left

rFire   . . .      SeeInvis .    a - +2 dagger
rCold   . . .      Faith    .    (no shield)
rNeg    . . .      Spirit   +    b - +0 robe
rPois   .          Reflect  .    (no helmet)
rElec   .          Rampage  .    c - +0 cloak
rCorr   .                        (no gloves)
Will    .....                    (no boots)
Stlth   +++                      (no amulet)
HPRegen 0.23/turn                (no ring)
MPRegen 0.09/turn                (no ring)

@: no status effects
A: fangs 2, magic shield, antimagic bite, no potion heal 2
a: no special abilities


You were on level 3 of the Dungeon.
You visited 1 branch of the dungeon, and saw 3 of its levels.

You collected 93 gold pieces.


Innate Abilities, Weirdness & Mutations

You have extremely sharp teeth.
When hurt, damage is shared between your health and your magic reserves.
Your bite disrupts and absorbs the magic of your enemies.
Potions cannot restore your health.


   Skills:
 + Level 2.2 Fighting
 * Level 2.8 Short Blades
 - Level 1.7 Throwing
 - Level 0.7 Dodging
 + Level 5.3 Stealth


You had 2 spell levels left.
You didn't know any spells.
Your spell library contained the following spells:

 Spells                   Type           Power      Damage    Failure   Level
 Animate Armour           Summ/Erth      0%         N/A       98%         4
 Blade Hands              Tmut           0%         N/A       100%        5
 Iron Shot                Conj/Erth      0%         9d1       100%        6

Inventory:

Hand Weapons
 a - a +2 dagger (weapon)
Missiles
 d - 9 poisoned darts (quivered)
 e - 7 curare-tipped darts {=f}
Armour
 b - a +0 robe (worn)
 c - a +0 cloak (worn)
Scrolls
 f - a scroll of brand weapon {unknown}
 g - a scroll of torment {unknown}
 i - 4 scrolls of identify {unknown}
 j - 2 scrolls of teleportation {unknown}
 k - a scroll of fear {unknown}
 l - a scroll of fog {unknown}
Potions
 h - a potion of mutation {unknown}

Dungeon Overview and Level Annotations

Branches:
Dungeon (3/15)

Altars:

Shops:
D:1

( ......##o#
#..##.##.#
#..##.##.#
#).##.##.#
#..##.##!###.#
####..##.##{....#
##......)....#####
#####...#####.##.#
.......<.>..@.##.#
#####...#####.##.#
##.## #.##.# #.
#.##.# #. #.##..
.. #.# ## ## #.#
.#


There were no monsters in sight!


Message History

You kill the orc!
You hit the orc. You bite the orc, but do no damage.
The orc is moderately wounded.
The orc completely misses you.
You barely miss the orc.
The orc is moderately wounded.
The orc misses you.
You hit the orc. You bite the orc.
You kill the orc!
The orc throws a boomerang.
The boomerang misses you.
You are confused.
You see here a fuming black potion.
A puff of flame appears from out of thin air!
The puff of flame hits you.
* * * LOW HITPOINT WARNING * * *
You see here an emerald potion.
The orc throws a boomerang.
The boomerang barely misses you.
You see here a fuming black potion.
A magic dart appears from out of thin air!
The magic dart hits you!
* * * LOW HITPOINT WARNING * * *
The orc throws a boomerang.
You see here an emerald potion.
The orc throws a boomerang.
The boomerang barely misses you.
You're too confused to move!
You feel less confused.
A puff of flame appears from out of thin air!
The puff of flame hits you!
Ouch! That really hurt!
You die...

Skill      XL: |  1 |
---------------+----+-----
Short Blades   | 2 |  2.8
Fighting       | 2 |  2.2
Stealth        | 5 |  5.3
Throwing       | |  1.7
Dodging        | |  0.7

Action                     || total
---------------------------++-------
  Melee: Dagger            ||    66
         Bite              ||    14
   Stab: Sleeping          ||    10
 Armour: Robe              ||    15
  Dodge: Dodged            ||    23

Levels and vault maps discovered:
D:1:      sevenhm_arrival_forest_fort_large_4, layout_loops_ring, serial_glass,
          glass_columns_a, glass_columns_a, glass_columns_a, glass_columns_a,
          serial_shops, nicolae_shop_trees
D:2:      layout_basic, shapermc_ecumenical_altar_acropolis
D:3:      layout_loops_ring, mainiacjoe_overflow_big_doors,
          wander_ebering_terrifying_dragon_lair, uniq_sigmund, uniq_jessica,
          uniq_grinder

Notes
Turn   | Place    | Note
-------+----------+-------------------------------------------
     0 | D:1      | Jackthecabe the Vine Stalker Brigand began the quest for
                  | the Orb.
     0 | D:1      | Reached XP level 1. HP: 11/11 MP: 2/2
    96 | D:1      | Reached skill level 2 in Short Blades
   160 | D:1      | Reached skill level 2 in Fighting
   160 | D:1      | Reached skill level 5 in Stealth
   160 | D:1      | Reached XP level 2. HP: 15/15 MP: 3/3
   198 | D:1      | Found Piequatz's Antique Weapon Shoppe.
   560 | D:1      | Reached XP level 3. HP: 18/18 MP: 4/4
  1161 | D:2      | Found a faded altar of an unknown god.
  1274 | D:3      | HP: 1/18 [something/magic dart (6)]
  1279 | D:3      | Killed from afar by an orc wizard

Vanquished Creatures
  2 worms (D:2)
  A dart slug (D:1)
  2 orcs (D:3)
  6 endoplasms
  A giant cockroach (D:1)
  2 goblins (D:1)
  4 hobgoblins
  2 quokkas (D:1)
  3 ball pythons
  4 bats
  3 frilled lizards
  A rat (D:1)
31 creatures vanquished.

Table legend: (Time is in decaauts)
 A = Elapsed time spent in this place.
 B = Non-inter-level travel time spent in this place.
 C = Inter-level travel time spent in this place.
 D = Time resting spent in this place.
 E = Time spent auto-exploring this place.
 F = Levels seen in this place.
 G = Mean time per level.
                   A        B        C        D        E       F      G
               +--------+--------+--------+--------+--------+-----+--------+
         Total |   1271 |   1251 |     20 |     29 |    981 |   3 |  423.7 |
       Dungeon |   1271 |   1251 |     20 |     29 |    981 |   3 |  423.7 |
               +--------+--------+--------+--------+--------+-----+--------+

Top non-repeatable levels by time:
     D:1: 735 daAuts
     D:2: 505 daAuts
     D:3: 30 daAuts

Table legend:
 A = Non-vault XP
 B = Vault XP
 C = Vault XP percentage of total XP
 D = Non-vault monster count
 E = Vault monster count
 F = Vault count percentage of total count
                 A         B        C        D         E       F
            +---------+---------+-------+---------+---------+-------
      Total |      64 |       0 |   0.0 |      31 |       0 |   0.0
            +---------+---------+-------+---------+---------+-------
        D:1 |      35 |       0 |   0.0 |      19 |       0 |   0.0
        D:2 |      23 |       0 |   0.0 |      10 |       0 |   0.0
        D:3 |       6 |       0 |   0.0 |       2 |       0 |   0.0
            +---------+---------+-------+---------+---------+-------
